 Dungeon Crawl Stone Soup version 0.30-a0-297-g0ec75d9ef4 (webtiles) character file.

Game seed: 13647095530941346466

9652 Lanoc the Scorcher (level 11, -1/74 HPs)
             Began as a Hill Orc Fire Elementalist on Oct 19, 2022.
             Was a Believer of Ashenzari.
             Slain by a centaur warrior (3 damage)
             ... on level 10 of the Dungeon.
             The game lasted 00:32:34 (13558 turns).

Lanoc the Scorcher (Hill Orc Fire Elementalist)    Turns: 13558, Time: 00:32:35

Health: -1/74      AC:  3    Str: 12    XL:     11   Next: 49%
Magic:  8/14       EV: 18    Int: 19    God:    Ashenzari [**....]
Gold:   772        SH:  0    Dex: 11    Spells: 7/14 levels left

rFire   + + .      SeeInvis +    G - +8 trident of the Grey Skies {freeze, *Noise rF+ rC+ Will+}
rCold   . . .      Faith    .    (no shield)
rNeg    . . .      Spirit   .    a - +0 robe of Ashenzari's Secrets {Comp, Evo} (curse)
rPois   .          Reflect  .    (no helmet)
rElec   .          Harm     .    (no cloak)
rCorr   .          Rampage  .    H - +0 pair of gloves of the Prophetic Augurer {Self, Comp} (curse)
Will    +....                    (no boots)
Stlth   ++........               (no amulet)
HPRegen 0.32/turn                x - ring of Ashenzari's Scepticism {EV+4, Evo, Alch} (curse)
MPRegen 0.14/turn                w - ring "Tethered Soothsayer" {Fire, Bglg, Fort} (curse)

@: no status effects
A: no striking features
a: Renounce Religion, Shatter the Chains


You were on level 10 of the Dungeon.
You worshipped Ashenzari.
Ashenzari was pleased with you.
You visited 2 branches of the dungeon, and saw 11 of its levels.
You also visited: Ossuary.

You collected 819 gold pieces.
You spent 47 gold pieces at shops.

Inventory:

Hand Weapons
 C - a +6 flail
 G - the +8 trident of the Grey Skies (weapon) {freeze, *Noise rF+ rC+ Will+}
   (You found it on level 8 of the Dungeon)

   It freezes those it strikes, dealing additional cold damage.
   It can also slow down cold-blooded creatures.
   rF:        It protects you from fire.
   rC:        It protects you from cold.
   *Noise:    It may make noises in combat.
   Will:      It increases your willpower.
Missiles
 t - 2 atropa-tipped darts
 u - a throwing net
Armour
 a - the cursed +0 robe of Ashenzari's Secrets (worn) {Comp, Evo}

   It has a curse which improves the following skills: Companions: Summonings
   and Necromancy.
   Evocations: Evocations.
 z - the -1 helmet of the Game of Kings {Drain rElec rN+++ Str+2}
   (You found it on level 6 of the Dungeon)

   Str:       It affects your strength (+2).
   rElec:     It insulates you from electricity.
   rN:        It renders you almost immune to negative energy.
   Drain:     It drains your maximum health when unequipped.
 H - the cursed +0 pair of gloves of the Prophetic Augurer (worn) {Self, Comp}
   (You found it on level 9 of the Dungeon)

   It has a curse which improves the following skills: Introspection: Fighting
   and Spellcasting.
   Companions: Summonings and Necromancy.
Jewellery
 w - the cursed ring "Tethered Soothsayer" (right hand) {Fire, Bglg, Fort}
   (You found it on level 5 of the Dungeon)

   [ring of fire]

   It enhances your fire magic.
   rF:        It protects you from fire.
   rC:        It makes you vulnerable to cold.
   It has a curse which improves the following skills: Beguiling: Conjurations,
   Hexes and Translocations.
   Fortitude: Armour and Shields.
 x - the cursed ring of Ashenzari's Scepticism (left hand) {EV+4, Evo, Alch}
   (You found it on level 6 of the Dungeon)

   [ring of evasion]

   EV:        It affects your evasion (+4).
   It has a curse which improves the following skills: Evocations: Evocations.
   Alchemy:   Poison Magic and Transmutations.
 I - a ring of poison resistance
Wands
 g - a wand of charming (11)
 i - a wand of polymorph (3)
 k - a wand of quicksilver (4)
 A - a wand of flame (18)
 D - a wand of mindburst (7)
 E - a wand of iceblast (18)
Scrolls
 c - 7 scrolls of identify
 d - 8 scrolls of teleportation
 e - a scroll of summoning
 j - 4 scrolls of enchant armour
 m - 3 scrolls of amnesia
 q - a scroll of fear
 r - 2 scrolls of fog
 y - a scroll of immolation
Potions
 b - a potion of magic
 f - 4 potions of attraction
 h - 5 potions of curing
 l - a potion of flight
 n - 2 potions of mutation
 o - a potion of ambrosia
 p - 3 potions of lignification
 s - 2 potions of invisibility
 v - a potion of cancellation
 F - 2 potions of haste


   Skills:
 + Level 7.8 Dodging
 - Level 1.5 Stealth
 - Level 1.5(2.4) Spellcasting
 - Level 1.0(1.7) Conjurations
 * Level 17.0 Fire Magic


You had 7 spell levels left.
You knew the following spells:

 Your Spells              Type           Power      Damage    Failure   Level
a - Flame Wave            Conj/Fire      54%        2d13      3%          4
d - Foxfire               Conj/Fire      100%       2x1d9     1%          1
e - Scorch                Fire           100%       2d10      1%          2

Your spell library contained the following spells:

 Spells                   Type           Power      Damage    Failure   Level
 Inner Flame              Hex/Fire       51%        N/A       1%          3
 Ignite Poison            Fire/Tmut/Pois 36%        N/A       4%          3
 Kindle Blastsparks       Fire/Tloc/Air  72%        2d16      4%          3
 Gell's Gravitas          Tloc           2%         N/A       41%         3
 Teleport Other           Tloc           2%         N/A       41%         3
 Animate Armour           Summ/Erth      4%         N/A       83%         4
 Olgreb's Toxic Radiance  Pois           2%         N/A       83%         4
 Freezing Cloud           Conj/Ice/Air   2%         6-21      98%         5
 Blade Hands              Tmut           1%         N/A       99%         5
 Dispersal                Tloc           1%         N/A       100%        6
 Iron Shot                Conj/Erth      2%         9d2       100%        6
 Summon Cactus Giant      Summ           1%         N/A       100%        6
 Ozocubu's Refrigeration  Ice            1%         4d7       100%        7
 Ignition                 Fire           39%        3d12      69%         8


Dungeon Overview and Level Annotations

Branches:
Dungeon (10/15)            Temple (1/1) D:4             Orc (0/2) D:9
Ossuary (visited)
   Lair: D:8-11

Altars:
Ashenzari
Elyvilon
Hepliaklqana
Kikubaaqudgha
Nemelex Xobeh
Okawaru
Qazlal
Trog
Uskayaw
Wu Jian
The Shining One

Shops:
D:1 *   D:2 !   D:6 *   D:8 =

Annotations:
D:9 2 transporters, Supernova1's ghost, novice MiBe


Message History

A centaur warrior comes into view.
Items here: )) †††.
A centaur warrior is nearby!
The centaur warrior wields a +0 shortbow.
The centaur warrior shoots an arrow.
The arrow hits you!!
Items here: )) †††.
You start resting.
You sense a monster nearby.
You start resting.
The centaur warrior shoots an arrow.
The arrow hits you!
The centaur warrior unwields a +0 shortbow.
The centaur warrior hits you. The centaur warrior closely misses you.
Casting: Flame Wave (dangerous; 3% risk of failure)
Confirm with . or Enter, or press ? or * to list all spells.
Casting: Flame Wave (dangerous; 3% risk of failure)
Press: ? - help, Dir - look around, f - activate You feel a surge of power!
A wave of flame ripples out!
The flame wave engulfs the centaur warrior.
The centaur warrior is lightly wounded. (Press . to intensify the flame waves.)
The centaur warrior hits you! The centaur warrior kicks you.
The centaur warrior completely misses you.
The centaur warrior misses you.
A wave of flame ripples out!
The flame wave engulfs the centaur warrior.
The centaur warrior is lightly wounded.
The centaur warrior hits you!
* * * LOW HITPOINT WARNING * * *
The centaur warrior kicks you but does no damage.
A wave of flame ripples out!
The flame wave engulfs the centaur warrior!!
The centaur warrior is heavily wounded.
You finish channelling waves of flame.
The centaur warrior hits you.
* * * LOW HITPOINT WARNING * * *
The centaur warrior kicks you.
* * * LOW HITPOINT WARNING * * *
The centaur warrior hits you.
* * * LOW HITPOINT WARNING * * *
The centaur warrior kicks you.
You die...

, .......#.##.## #........##
, .P.##>......# #..<....###
#.####...#### ###....####
........)# #........
########..# ##.###### *
§§......#.# #.# .≈§≈≈≈≈≈.#)#
###.######
≈.§≈≈§..≈#c########.......#.
≈.≈...≈.§#.@.....#.......[#.
,
≈.≈._.§.≈#...#..............
,
≈.§...≈.≈#................#.
≈..≈≈§.§≈#.######.........#.
, .≈≈≈≈≈≈≈§#.#
#....(......## .........#.#
#.#.....<..## #########..#
#.#......### , , #......#
#.####..## ## *#, #.##...#
#........####.


You could see a centaur warrior.

Vanquished Creatures
  2 two-headed ogres
  The ghost of kagamino the Trooper, a novice DrTm of Uskayaw (D:5)
  A komodo dragon (D:10)
  Grinder (D:3)
  2 shadows (D:10)
  A wyvern (D:10)
  15 yaks
  A steam dragon (D:8)
  Menkaure (D:7)
  An acid dragon (D:10)
  A water moccasin (D:7)
  A swamp drake (D:9)
  6 orc warriors
  2 ice beasts
  3 black bears
  A centaur (D:8)
  4 kobold brigands
  5 bullfrogs
  3 necrophages
  4 scorpions
  13 wights
  9 killer bees
  4 howler monkeys
  A hound (D:5)
  9 orc priests
  2 gnoll boudas
  4 iguanas
  A water moccasin simulacrum (D:5)
  Ijyb (D:3)
  Natasha (twice) (D:3)
  12 orc wizards
  2 bullfrog simulacra (D:5)
  2 mummies (Ossuary)
  Robin (D:4)
  13 gnolls
  5 adders
  2 hound simulacra (D:5)
  2 white imps
  2 worms (D:2)
  2 dart slugs
  33 orcs
  2 bat zombies (D:4)
  3 endoplasms
  3 giant cockroaches
  9 hobgoblins
  A jackal (D:2)
  25 kobolds
  3 quokkas
  9 ball pythons
  8 bats
  4 frilled lizards
  2 gnoll zombies (Ossuary)
  19 goblins
  3 goblin zombies (Ossuary)
  4 hobgoblin zombies (Ossuary)
  5 orc zombies (Ossuary)
  10 rats
  A rat zombie (D:4)
289 creatures vanquished.

Vanquished Creatures (others)
  An ice beast (D:3)
  861 foxfires
  9 fungi (D:10)
  18 plants
889 creatures vanquished.

Grand Total: 1178 creatures vanquished

Notes
Turn   | Place    | Note
-------+----------+-------------------------------------------
     0 | D:1      | Lanoc the Hill Orc Fire Elementalist began the quest for
                  | the Orb.
     0 | D:1      | Reached XP level 1. HP: 14/14 MP: 3/3
    95 | D:1      | Found a faded altar of an unknown god.
   154 | D:1      | Prayed at the altar of an unknown god.
   154 | D:1      | Became a worshipper of Ashenzari the Shackled
   360 | D:1      | Reached XP level 2. HP: 20/20 MP: 1/4
   654 | D:1      | Found Minugy's Assorted Antiques.
   663 | D:1      | Bought a bubbling cyan potion for 15 gold pieces
   663 | D:1      | Bought a scroll labelled OLINELINUEL for 17 gold pieces
   663 | D:1      | Bought a coppery potion for 15 gold pieces
   813 | D:1      | Reached skill level 4 in Fire Magic
   976 | D:1      | Reached * piety under Ashenzari
  1181 | D:1      | Reached skill level 10 in Fire Magic
  1181 | D:1      | Reached XP level 3. HP: 26/26 MP: 2/5
  1185 | D:1      | Learned a level 2 spell: Scorch
  1566 | D:2      | Reached XP level 4. HP: 33/33 MP: 0/6
  1689 | D:2      | Found Apor Reph's Distillery.
  1741 | D:2      | Found a sparkling altar of Nemelex Xobeh.
  2370 | D:3      | Noticed Ijyb
  2391 | D:3      | Killed Ijyb
  2915 | D:3      | Noticed Grinder
  2915 | D:3      | Noticed an ice beast
  2931 | D:3      | Paralysed by Grinder for 5 turns
  2952 | D:3      | Killed Grinder
  2953 | D:3      | Reached skill level 11 in Fire Magic
  2953 | D:3      | Reached XP level 5. HP: 9/38 MP: 2/7
  2953 | D:3      | Reached XP level 6. HP: 11/45 MP: 2/8
  3216 | D:3      | Learned a level 4 spell: Flame Wave
  3260 | D:3      | Noticed Natasha
  3359 | D:3      | Killed Natasha
  3730 | D:3      | Noticed Natasha
  3735 | D:3      | Killed Natasha
  3736 | D:3      | Reached ** piety under Ashenzari
  3802 | D:4      | Found a staircase to the Ecumenical Temple.
  3822 | Temple   | Entered the Ecumenical Temple
  3830 | D:4      | Found a sand-covered staircase.
  3855 | Ossuary  | Entered an ossuary
  4163 | D:4      | Reached XP level 7. HP: 43/50 MP: 5/9
  4757 | D:4      | Found a stormy altar of Qazlal.
  5161 | D:4      | Noticed Robin
  5168 | D:4      | Reached skill level 12 in Fire Magic
  5171 | D:4      | Killed Robin
  5315 | D:4      | Found an ancient bone altar of Kikubaaqudgha.
  5396 | D:5      | Entered Level 5 of the Dungeon
  5421 | D:5      | Found a broken altar of Ashenzari.
  5448 | D:5      | Noticed kagamino's ghost (novice DrTm)
  5470 | D:5      | Found a hide-covered altar of Uskayaw.
  5650 | D:5      | Found a runed translucent gate.
  5650 | D:5      | Found a runed translucent gate.
  5650 | D:5      | Found a runed translucent gate.
  5691 | D:5      | Found a white marble altar of Elyvilon.
  5909 | D:5      | Reached XP level 8. HP: 57/57 MP: 7/11
  6928 | D:5      | Killed kagamino's ghost
  6929 | D:5      | Reached skill level 13 in Fire Magic
  7163 | D:6      | Reached XP level 9. HP: 51/62 MP: 0/11
  7342 | D:6      | Found Gakidu's Lightly-Used Armoury.
  7517 | D:6      | Identified the -1 helmet of the Game of Kings {Drain rElec
                  | rN+++ Str+2}
  7689 | D:6      | Reached skill level 5 in Dodging
  8220 | D:7      | Noticed Menkaure
  8225 | D:7      | Killed Menkaure
  8307 | D:7      | Found a glowing golden altar of the Shining One.
  8341 | D:7      | Reached skill level 14 in Fire Magic
  9982 | D:8      | Reached XP level 10. HP: 66/69 MP: 1/12
 10870 | D:8      | Found Tipefor's Jewellery Shop.
 11062 | D:8      | Reached skill level 15 in Fire Magic
 11189 | D:8      | Identified the +8 trident of the Grey Skies {freeze, *Noise
                  | rF+ rC+ Will+}
 11270 | D:9      | Noticed a two-headed ogre
 11336 | D:9      | Found a hazy altar of Hepliaklqana.
 11416 | D:9      | Found a transporter.
 11691 | D:9      | Killed a two-headed ogre
 12211 | D:9      | Reached skill level 16 in Fire Magic
 12213 | D:9      | Reached XP level 11. HP: 51/74 MP: 2/14
 12461 | D:9      | Found a staircase to the Orcish Mines.
 12516 | D:9      | Found a transporter.
 12521 | D:9      | Noticed Supernova1's ghost (novice MiBe)
 12785 | D:10     | Entered Level 10 of the Dungeon
 13318 | D:10     | Found an ornate altar of the Wu Jian Council.
 13348 | D:10     | Noticed a two-headed ogre
 13378 | D:10     | Killed a two-headed ogre
 13379 | D:10     | Reached skill level 17 in Fire Magic
 13483 | D:10     | Noticed a centaur warrior
 13558 | D:10     | HP: 2/74 [centaur warrior (3)]
 13558 | D:10     | Slain by a centaur warrior

Illustrated notes

Levels and vault maps discovered:
D:1:      dpeg_arrival_snail, layout_loops_corners, serial_shops,
          nicolae_square_shop, hellmonk_ecumenical_altar_lost_god
D:2:      layout_loops_ring, serial_shops, shop, basic_altar, minmay_hexomino_f4
D:3:      layout_loops_corners, uniq_ijyb, uniq_natasha, uniq_grinder
D:4:      layout_basic, lemuel_zombie_altar_kikubaaqudgha,
          nicolae_qazlal_scattered_showers, temple_fountains, serial_glass,
          glass_columns_c, glass_columns_b,
          lightli_ossuary_entry_decrepit_ruins, nrook_loot_triangle,
          minmay_vboxes, uniq_robin
D:5:      layout_gridville, mainiacjoe_overflow_alcove_4,
          nicolae_uskayaw_suspiria, gammafunk_ghost_icy,
          corexii_leaking_fountain, minmay_ruined_shrine
D:6:      layout_rooms, nicolae_overflow_hidden_temple, minmay_shop_damaged
D:7:      layout_layer_cave, tso_metal_star, uniq_menkaure
D:8:      layout_gridville, serial_shops, nicolae_shop_stone
D:9:      nicolae_cairo_tiling_large, layout_basic,
          nicolae_hepliaklqana_hazy_memory, erik_orc_1,
          gammafunk_ghost_stat_death, minmay_tree_intersection
D:10:     layout_loops_cross, mainiacjoe_overflow_paths,
          grunt_lair_entry_orc_guard_hut, minmay_misc_feat_roman
Temple:   nicolae_temple_ecumenical_triangle

Skill      XL: |  1  2  3  4  5  6  7  8  9 10 11 |
---------------+----------------------------------+-----
Fire Magic     | 10 11 12 13 14 16 17 | 17.0
Dodging        | 2 3 4 5 7 |  7.8
Stealth        | |  1.5
Spellcasting   | |  1.5
Conjurations   | |  1.0

Action                   |  1- 3 |  4- 6 |  7- 9 | 10-12 || total
-------------------------+-------+-------+-------+-------++-------
Melee: Unarmed           |     2 |       |       |       ||     2
       Dagger            |    44 |    35 |       |       ||    79
       Punch             |     1 |       |     1 |     2 ||     4
       Quarterstaff      |       |    24 |    34 |       ||    58
       Trident           |       |       |    17 |    96 ||   113
       Morningstar       |       |       |     6 |     9 ||    15
 Cast: Foxfire           |    37 |    90 |   287 |    81 ||   495
       Scorch            |     1 |     3 |       |     1 ||     5
       Flame Wave        |       |     2 |     7 |    20 ||    29
Invok: Curse Item        |     2 |     1 |     2 |     4 ||     9
       Shatter the Chain |       |     1 |     3 |     1 ||     5
Evoke: Wand              |       |     5 |       |       ||     5
  Use: Potion            |     1 |     3 |     2 |     2 ||     8
       Scroll            |       |     1 |     3 |       ||     4
 Stab: Sleeping          |       |     2 |     1 |     1 ||     4
Armor: Robe              |     6 |    17 |    16 |     8 ||    47
Dodge: Dodged            |    46 |    64 |   103 |   139 ||   352

Table legend: (Time is in decaauts)
 A = Elapsed time spent in this place.
 B = Non-inter-level travel time spent in this place.
 C = Inter-level travel time spent in this place.
 D = Time resting spent in this place.
 E = Time spent auto-exploring this place.
 F = Levels seen in this place.
 G = Mean time per level.
                   A        B        C        D        E       F      G
               +--------+--------+--------+--------+--------+-----+--------+
         Total |  13617 |  13244 |    373 |    510 |  10798 |  12 | 1134.8 |
       Dungeon |  13310 |  12937 |    373 |    457 |  10645 |  10 | 1331.0 |
        Temple |      1 |      1 |      0 |      0 |      0 |   1 |    1.0 |
       Ossuary |    305 |    305 |      0 |     53 |    153 |   1 |  305.0 |
               +--------+--------+--------+--------+--------+-----+--------+

Top non-repeatable levels by time:
     D:5: 1721 daAuts
     D:7: 1670 daAuts
     D:9: 1478 daAuts
     D:1: 1478 daAuts
     D:3: 1454 daAuts
     D:8: 1443 daAuts
     D:4: 1307 daAuts
     D:6: 1105 daAuts
     D:2: 860 daAuts
    D:10: 790 daAuts
 Ossuary: 305 daAuts
  Temple: 1 daAuts
